 Dungeon Crawl Stone Soup version 0.19.5 (webtiles) character file.

28 tidbits the Grave Robber (level 3, 9/21 HPs)
             Began as a High Elf Necromancer on Dec 12, 2017.
             Quit the game on level 3 of the Dungeon.
             The game lasted 00:05:40 (916 turns).

tidbits the Grave Robber (High Elf Necromancer)      Turns: 916, Time: 00:05:42

Health: 9/21       AC:  2    Str:  8    XL:     3   Next: 0%
Magic:  7/8        EV: 13    Int: 18    God:
Gold:   17         SH:  0    Dex: 16    Spells: 4 memorised, 0 levels left

rFire  . . .     SeeInvis .     c - 2 bread rations
rCold  . . .     Gourm    .     d - +0 robe
rNeg   . . .     Faith    .     (no shield)
rPois  .         Spirit   .     (no helmet)
rElec  .         Reflect  .     (no cloak)
rCorr  .         Harm     .     (no gloves)
MR     .....                    (no boots)
Stlth  +.........               (no amulet)
                                (no ring)
                                (no ring)

@: confused
A: no striking features
a: no special abilities


You were on level 3 of the Dungeon.
You were not hungry.

You visited 1 branch of the dungeon, and saw 3 of its levels.

You collected 17 gold pieces.

Inventory:

Hand Weapons
 a - a +0 hunting sling
   (You found it on level 1 of the Dungeon)
 h - a +0 dagger
   (You found it on level 1 of the Dungeon)
Missiles
 e - 14 stones (quivered)
Armour
 d - a +0 robe (worn)
 f - a +0 ring mail
   (You took it off a hobgoblin on level 1 of the Dungeon)
Scrolls
 i - a scroll of identify
Books
 b - a book of Necromancy

   Spells                             Type                      Level
   a - Pain                           Necromancy                   1
   b - Animate Skeleton               Necromancy                   1
   c - Vampiric Draining              Necromancy                   3
   d - Regeneration                   Charms/Necromancy            3
   e - Animate Dead                   Necromancy                   4
   f - Control Undead                 Necromancy                   4
Comestibles
 c - 2 bread rations (in hand)
 j - a chunk of flesh


   Skills:
 - Level 2.1 Dodging
 - Level 2.1 Stealth
 + Level 3.2 Spellcasting
 + Level 3.7 Necromancy


You couldn't memorise any spells.
You knew the following spells:

 Your Spells              Type           Power        Failure   Level  Hunger
a - Pain                  Necr           ###.         3%          1    None
n - Animate Skeleton      Necr           N/A          3%          1    None
r - Regeneration          Chrm/Necr      #.........   24%         3    ###....
v - Vampiric Draining     Necr           ###.......   12%         3    ###....


Dungeon Overview and Level Annotations

Branches:
Dungeon (3/15)

Altars:

Annotations:
D:3 Sigmund


Message History

You finish memorising.
Spell assigned to 'r'.
Casting: Pain
Confirm with . or Enter, or press ? or * to list all spells.
You miscast Regeneration.
You are very lightly contaminated with residual magic.
Nothing appears to happen.
You are feeling hungry.
Memorise Vampiric Draining, consuming 3 spell levels and leaving 0?
You start memorising the spell.
You continue memorising. x3
You finish memorising.
Spell assigned to 'v'.
e - 13 stones (gained 1)
e - 14 stones (gained 1)
You see here a leopard gecko corpse.
You butcher the leopard gecko corpse.
j - 4 chunks of flesh (gained 1)
You see here a leopard gecko skeleton.
Eat one of 4 chunks of flesh? (ye/n/q)
You start eating one of the 4 chunks of flesh.
This raw flesh tastes terrible.
Wield which item (- for none, * to show all)? (? for menu, Esc to quit)
c - 2 bread rations (in hand)
You swing at nothing.
You swing at nothing.
You swing at nothing.
You swing at nothing.
You swing at nothing.
You swing at nothing.
You swing at nothing.
Your magical contamination has completely faded away.
You swing at nothing.
You swing at nothing.
You swing at nothing.
You swing at nothing.
You swing at nothing.
You swing at nothing.
You swing at nothing.
You swing at nothing.
You swing at nothing.
You swing at nothing.
You swing at nothing.
You swing at nothing.
You swing at nothing.
You swing at nothing.
Your jackal skeleton crumbles into dust!
You swing at nothing.
You swing at nothing.
You swing at nothing.
You swing at nothing.
Some of the chunks of flesh in your inventory have rotted away.
You swing at nothing.
You swing at nothing.
You swing at nothing.
You swing at nothing.
You swing at nothing.
You swing at nothing.
You swing at nothing.
You swing at nothing.
You swing at nothing.
You swing at nothing.
You swing at nothing.
You swing at nothing.
You swing at nothing.
You swing at nothing.
You swing at nothing.
You swing at nothing.
You swing at nothing.
You swing at nothing.
Sigmund the Dreaded comes into view.
He is wielding a scythe.
As you read the scroll labeled ALONIHUVEU, it crumbles to dust.
It is a scroll of identify.
g - a potion of curing You feel better.
Casting: Regeneration
Confirm with . or Enter, or press ? or * to list all spells.
Aiming: Pain
Press: ? - help, Shift-Dir - straight line, f - Sigmund
Aim: Sigmund, wielding a scythe and wearing a robe (chance to defeat MR: 81%) Sigmund barely resists.
Casting: Pain
Confirm with . or Enter, or press ? or * to list all spells.
Aiming: Pain
Press: ? - help, Shift-Dir - straight line, f/p - Sigmund
Aim: Sigmund, wielding a scythe and wearing a robe (chance to defeat MR: 81%) Sigmund writhes in agony!
Sigmund gestures wildly while chanting.
Sigmund flickers and vanishes!
Deactivating autopickup; reactivate with Ctrl-A.
Something hits you!
* * * LOW HITPOINT WARNING * * *
Something hits you but does no damage.
Found 9 gold pieces.
A worm comes into view.
An adder comes into view.
The adder hisses angrily.
You are confused.
You're too confused!
Unknown command.
You aren't carrying any potions.
Unknown command.
Are you sure you want to abandon this character and quit the game? (Confirm with "yes".)

#. ####.##
....$..
..wS...
..... #####
#.#...##...#
#.#.#..#...#
#...##@#...#
#...#.#...#
#..#.#...#
##..#.#...#
#....{#...#
#.........#
#.....#...#
#.....#...#
#........##
#.#...


You could see a worm (wandering) and an adder.

Vanquished Creatures
  A dart slug (D:3)
  2 leopard geckos
  An orc (D:3)
  A giant cockroach (D:3)
  3 goblins
  5 hobgoblins
  4 jackals (D:3)
  A bat (D:2)
  A frilled lizard (D:2)
19 creatures vanquished.

Notes
Turn   | Place    | Note
-------+----------+-------------------------------------------
     0 | D:1      | tidbits the High Elf Necromancer began the quest for the Orb.
     0 | D:1      | Reached XP level 1. HP: 11/11 MP: 4/4
   510 | D:2      | Reached XP level 2. HP: 11/17 MP: 3/6
   607 | D:3      | Reached skill level 3 in Spellcasting
   796 | D:3      | Learned a level 1 spell: Animate Skeleton
   832 | D:3      | Reached XP level 3. HP: 5/21 MP: 2/8
   837 | D:3      | Learned a level 3 spell: Regeneration
   842 | D:3      | Learned a level 3 spell: Vampiric Draining
   899 | D:3      | Noticed Sigmund
   916 | D:3      | Quit the game

Skill      XL: |  1  2 |
---------------+-------+-----
Spellcasting   | 3 |  3.2
Dodging        | |  2.1
Stealth        | |  2.1
Necromancy     | |  3.7

Action                   || total
-------------------------++-------
 Fire: Hunting sling     ||    19
Throw: Stone             ||     6
 Cast: Pain              ||    36
       Animate Skeleton  ||     1
  Use: Scroll            ||     1
       Potion            ||     1
  Eat: Chunk             ||     1
Armor: Robe              ||     3
Dodge: Dodged            ||     9

Table legend:
 A = Turns spent in this place as a percentage of turns spent in the entire game.
 B = Non-inter-level travel turns spent in this place as a percentage of non-inter-level travel turns spent in the entire game.
 C = Inter-level travel turns spent in this place as a percentage of turns spent in this place.
 D = Turns resting spent in this place as a percentage of non-inter-level travel turns spent in this place.
 E = Turns spent auto-exploring this place as a percentage of non-inter-level travel turns spent in this place.
 F = Non-inter-level travel turns spent in this place divided by the number of levels of this place that you've seen.
                   A       B       C       D       E      F
               +-------+-------+-------+-------+-------+----------------------
         Total | 100.0 | 100.0 |   0.2 |   0.0 |   0.0 | 270.3
       Dungeon | 100.0 | 100.0 |   0.2 |   0.0 |   0.0 | 270.3
               +-------+-------+-------+-------+-------+----------------------

Table legend:
 A = Kills in this place as a percentage of kills in entire the game.
 B = Kills by you in this place as a percentage of kills by you in the entire game.
 C = Kills by friends in this place as a percentage of kills by friends in the entire game.
 D = Other kills in this place as a percentage of other kills in the entire game.
 E = Experience gained in this place as a percentage of experience gained in the entire game.
 F = Experience gained in this place divided by the number of levels of this place that you have seen.
                   A       B       C       D       E      F
               +-------+-------+-------+-------+-------+----------------------
         Total | 100.0 | 100.0 |  -nan |  -nan | 100.0 |  13.7
       Dungeon | 100.0 | 100.0 |  -nan |  -nan | 100.0 |  13.7
               +-------+-------+-------+-------+-------+----------------------

Vault maps used:
D:1:      dpeg_arrival_signposts
D:3:      first_bread, uniq_jessica, uniq_robin, uniq_sigmund
